 Dungeon Crawl Stone Soup version 0.31-a0-240-gb923e448b6 (webtiles) character file.

Game seed: 9783002915651117399

126 qw the Shooter (level 4, -6/37 HPs)
             Began as a Minotaur Hexslinger on July 11, 2023.
             Killed from afar by Jessica (10 damage)
             ... with a puff of flame
             ... on level 3 of the Dungeon.
             The game lasted 00:01:02 (2242 turns).

qw the Shooter (Minotaur Hexslinger)                Turns: 2242, Time: 00:01:02

Health: -6/37      AC:  6    Str: 13    XL:     4   Next: 83%
Magic:  4/4        EV: 11    Int: 10    God:
Gold:   190        SH:  0    Dex: 14    Spells: 4/5 levels left

rFire   . . .        Y - +1 sling
rCold   . . .        (no shield)
rNeg    . . .        j - +0 ring mail
rPois   .            (helmet restricted)
rElec   .            (no cloak)
rCorr   .            g - +0 pair of gloves
SInv    .            (no boots)
Will    +....        (no amulet)
Stlth   +            c - ring of willpower
HPRegen 0.26/turn    (no ring)
MPRegen 0.09/turn

%: no passive effects
@: about to teleport
A: horns 2, retaliatory headbutt
a: no special abilities


You were on level 3 of the Dungeon.
You visited 1 branch of the dungeon, and saw 3 of its levels.

You collected 190 gold pieces.


Innate Abilities, Weirdness & Mutations

You have a pair of horns on your head.
You reflexively headbutt those who attack you in melee.


   Skills:
 + Level 2.6 Fighting
 - Level 5.0 Ranged Weapons
 - Level 1.0 Armour
 - Level 2.1 Dodging
 - Level 1.0 Spellcasting
 - Level 2.0 Hexes


You had 4 spell levels left.
You knew the following spells:

 Your Spells              Type           Power      Damage    Failure   Level
a - Slow                  Hex            16%        N/A       32%         1

Your spell library contained the following spells:

 Spells                   Type           Power      Damage    Failure   Level
 Inner Flame              Hex/Fire       2%         N/A       82%         3
 Portal Projectile        Hex/Tloc       4%         N/A       82%         3
 Cause Fear               Hex            2%         N/A       97%         4

Inventory:

Hand Weapons
 Y - a +1 sling (weapon)
Armour
 g - a +0 pair of gloves (worn)
 j - a +0 ring mail (worn)
Jewellery
 c - a ring of willpower (left hand)
Scrolls
 a - a scroll of identify
Potions
 b - a potion of cancellation {unknown}
 d - a potion of curing {unknown}
 e - a potion of haste {unknown}

Dungeon Overview and Level Annotations

Branches:
Dungeon (3/15)

Altars:

Annotations:
D:3 Jessica


Message History

Enter note:
Enter note: You shoot a sling bullet.
The sling bullet hits Jessica but does no damage.
Jessica mumbles some strange words.
Jessica seems to speed up.
You shoot a sling bullet. The sling bullet hits the quokka.
The quokka is severely wounded.
Jessica zaps a wand.
The puff of flame hits you!
Jessica grins evilly.
You shoot a sling bullet.
The sling bullet barely misses the quokka.
The sling bullet hits Jessica.
Jessica is heavily wounded.
Jessica gestures wildly while chanting.
Jessica blinks!
You shoot a sling bullet. The sling bullet hits the quokka.
You kill the quokka!
Jessica zaps a wand.
The puff of flame hits you!
Jessica zaps a wand.
The puff of flame hits you!
You shoot a sling bullet.
The sling bullet closely misses Jessica.
You shoot a sling bullet.
The sling bullet hits Jessica but does no damage.
Jessica is heavily wounded.
Jessica gestures wildly while chanting.
Jessica blinks!
Jessica zaps a wand.
The puff of flame hits you.
2240 ||| READING scroll of teleportation.
As you read the scroll of teleportation, it crumbles to dust.
You feel strangely unstable. Jessica casts a spell at you.
You resist with some effort.
You shoot a sling bullet. The sling bullet hits Jessica.
Jessica is severely wounded.
Jessica misses you.
You shoot a sling bullet. The sling bullet hits Jessica.
Jessica is severely wounded.
Jessica hits you with a +0 club.
Jessica zaps a wand.
The puff of flame hits you!
You die...

.##...# #....#......>...+...
......# #....#..........#...
......# #....#..........####
.#....# #....#..........# #
.#....###########.############
# .#.)..#.....# #.## #
.#....#.....#####%.# #
.#.#.##.....##..)..### #
.#<#.##.........@@...# #
.....##.......##%##..# #
....##......##... #..#
............#..... ..#
....######...#?....#..#
#...#?....# .# #...##...##
#....##### ####.


You could see Jessica (fast).

Vanquished Creatures
  4 adders (D:2)
  An orc (D:3)
  10 bats
  7 endoplasms
  A giant cockroach (D:2)
  7 goblins
  6 hobgoblins
  6 jackals
  8 quokkas
  7 ball pythons
  3 frilled lizards
  9 kobolds
  11 rats
80 creatures vanquished.

Notes
Turn   | Place    | Note
-------+----------+-------------------------------------------
     0 | D:1      | qw the Minotaur Hexslinger began the quest for the Orb.
     0 | D:1      | Reached XP level 1. HP: 16/16 MP: 1/1
     0 | D:1      | 0 ||| qw: Version: 0.3-a-52-g30416fa
     0 | D:1      | 0 ||| qw: Game counter: 5969
     0 | D:1      | 0 ||| qw: Melee chars always use a shield: true
     0 | D:1      | 0 ||| qw: God list: Okawaru
     0 | D:1      | 0 ||| qw: Allow faded altars: false
     0 | D:1      | 0 ||| qw: Do Orc after clearing Dungeon:15 true
     0 | D:1      | 0 ||| qw: Do second Lair branch before Depths: true
     0 | D:1      | 0 ||| qw: Lair rune preference: random
     0 | D:1      | 0 ||| qw: Goals: Normal
     0 | D:1      | 0 ||| PLANNING D:1-11
   127 | D:1      | Reached skill level 3 in Ranged Weapons
   127 | D:1      | Reached XP level 2. HP: 19/23 MP: 2/2
   479 | D:1      | Reached XP level 3. HP: 29/29 MP: 3/3
   779 | D:1      | Reached skill level 4 in Ranged Weapons
  1068 | D:1      | 1068 ||| UPGRADING to +0 pair of gloves.
  1073 | D:1      | 1073 ||| UPGRADING to +0 ring mail.
  1083 | D:1      | 1083 ||| DROPPING +0 robe.
  1084 | D:1      | 1084 ||| DROPPING ring of magical power.
  1085 | D:1      | 1085 ||| READING 2 scrolls labelled UWA XODWIF.
  1086 | D:1      | 1086 ||| READING scroll labelled XUNWAPIQEJ.
  1087 | D:1      | 1087 ||| READING scroll labelled FIYCRO ULOURIW.
  1088 | D:1      | 1088 ||| READING 2 scrolls labelled RACASTR SAAXIU.
  1091 | D:1      | 1091 ||| DROPPING scroll of poison.
  1267 | D:2      | Reached skill level 1 in Armour
  1363 | D:2      | Reached XP level 4. HP: 36/36 MP: 4/4
  1618 | D:2      | Reached skill level 5 in Ranged Weapons
  1785 | D:2      | 1785 ||| UPGRADING to ring of willpower.
  1912 | D:3      | 1912 ||| FLEEEEING.
  1913 | D:3      | 1913 ||| FLEEEEING.
  1917 | D:3      | 1917 ||| FLEEEEING.
  1918 | D:3      | 1918 ||| FLEEEEING.
  1919 | D:3      | 1919 ||| FLEEEEING.
  1920 | D:3      | 1920 ||| FLEEEEING.
  1921 | D:3      | 1921 ||| FLEEEEING.
  1922 | D:3      | 1922 ||| FLEEEEING.
  1928 | D:3      | 1928 ||| FLEEEEING.
  1929 | D:3      | 1929 ||| FLEEEEING.
  1933 | D:3      | 1933 ||| FLEEEEING.
  1934 | D:3      | 1934 ||| FLEEEEING.
  1935 | D:3      | 1935 ||| FLEEEEING.
  1936 | D:3      | 1936 ||| FLEEEEING.
  1937 | D:3      | 1937 ||| FLEEEEING.
  1938 | D:3      | 1938 ||| FLEEEEING.
  1939 | D:3      | 1939 ||| FLEEEEING.
  1940 | D:3      | 1940 ||| FLEEEEING.
  1941 | D:3      | 1941 ||| FLEEEEING.
  1942 | D:3      | 1942 ||| FLEEEEING.
  1943 | D:3      | 1943 ||| FLEEEEING.
  1944 | D:3      | 1944 ||| FLEEEEING.
  1945 | D:3      | 1945 ||| FLEEEEING.
  1946 | D:3      | 1946 ||| FLEEEEING.
  1953 | D:3      | 1953 ||| FLEEEEING.
  1954 | D:3      | 1954 ||| FLEEEEING.
  1955 | D:3      | 1955 ||| FLEEEEING.
  1956 | D:3      | 1956 ||| FLEEEEING.
  1957 | D:3      | 1957 ||| FLEEEEING.
  1958 | D:3      | 1958 ||| FLEEEEING.
  1959 | D:3      | 1959 ||| FLEEEEING.
  1960 | D:3      | 1960 ||| FLEEEEING.
  1961 | D:3      | 1961 ||| FLEEEEING.
  1973 | D:3      | 1973 ||| FLEEEEING.
  1974 | D:3      | 1974 ||| FLEEEEING.
  1975 | D:3      | 1975 ||| FLEEEEING.
  1976 | D:3      | 1976 ||| FLEEEEING.
  1977 | D:3      | 1977 ||| FLEEEEING.
  2233 | D:3      | Noticed Jessica
  2239 | D:3      | HP: 4/37 [Jessica/puff of flame (6)]
  2240 | D:3      | 2240 ||| READING scroll of teleportation.
  2242 | D:3      | Killed from afar by Jessica

Levels and vault maps discovered:
D:1:      evilmike_arrival_rings, layout_basic, nicolae_eternal_life,
          corner_web_ring, minmay_hedge_maze, minmay_rat_gold_closets
D:2:      layout_basic, nrook_loot_triangle, kennysheep_generic_room_12
D:3:      layout_basic, dk_noncrumbling_3, kennysheep_jessica_study

Skill      XL: |  1  2  3  4 |
---------------+-------------+-----
Ranged Weapons | 3 4 5 |  5.0
Fighting       | 2 |  2.6
Armour         | 1 |  1.0
Dodging        | |  2.1
Spellcasting   | |  1.0
Hexes          | |  2.0

Action                     |  1- 3 |  4- 6 || total
---------------------------+-------+-------++-------
   Fire: Sling             |   125 |    76 ||   201
    Use: Scroll            |     4 |     1 ||     5
 Armour: Robe              |    12 |       ||    12
         Ring mail         |     4 |    17 ||    21
  Dodge: Dodged            |    43 |    21 ||    64

Table legend:
 A = Non-vault XP
 B = Vault XP
 C = Vault XP percentage of total XP
 D = Non-vault monster count
 E = Vault monster count
 F = Vault count percentage of total count
                 A         B        C        D         E       F
            +---------+---------+-------+---------+---------+-------
      Total |     158 |      22 |  12.2 |      71 |       9 |  11.2
            +---------+---------+-------+---------+---------+-------
        D:1 |      66 |       7 |   9.6 |      37 |       7 |  15.9
        D:2 |      69 |      13 |  15.9 |      21 |       1 |   4.5
        D:3 |      23 |       2 |   8.0 |      13 |       1 |   7.1
            +---------+---------+-------+---------+---------+-------
